 Dungeon Crawl Stone Soup version 0.28-a0-97-g102d6777a4 (webtiles) character file.

Game seed: 7078959003003844913

179693 tatocazan the Bludgeoner (level 17, -10/159 HPs)
             Began as a Minotaur Fighter on Aug 8, 2021.
             Was the Champion of Qazlal.
             Killed from afar by Arachne (36 damage)
             ... with a poison arrow
             ... on level 2 of the Spider Nest on Aug 9, 2021.
             The game lasted 00:41:54 (36756 turns).

tatocazan the Bludgeoner (Minotaur Fighter)        Turns: 36756, Time: 00:41:55

Health: -10/159    AC: 33    Str: 33    XL:     17   Next: 30%
Magic:  1/27       EV: 12    Int:  5    God:    Qazlal [******]
Gold:   1821       SH:  8    Dex: 10    Spells: 16/16 levels left

rFire   + + .      SeeInvis .   y - +7 great mace "Firestarter" {inner flame, rF++}
rCold   . . .      Faith    +   (shield currently unavailable)
rNeg    . . .      Spirit   .   G - +12 plate armour of Lugonu's Favour {Str+5}
rPois   .          Reflect  .   (helmet restricted)
rElec   .          Harm     .   t - +2 cloak
rCorr   .          Rampage  +   z - +0 pair of gloves
Will    +....                   W - +2 pair of boots {rampage}
Stlth   ..........              p - amulet of faith
HPRegen 0.36/turn               g - +4 ring of protection
MPRegen 0.20/turn               h - +4 ring of protection

@: lethally poisoned (-10 -> -37), protected from physical damage, corroded,
repel missiles
A: horns 2, retaliatory headbutt
}: 1/15 runes: decaying
a: Renounce Religion, Upheaval, Elemental Force, Disaster Area


You were on level 2 of the Spider Nest.
You worshipped Qazlal.
Qazlal was exalted by your worship.
You visited 5 branches of the dungeon, and saw 29 of its levels.
You also visited: Sewer.

You collected 3225 gold pieces.
You spent 1404 gold pieces at shops.

Inventory:

Hand Weapons
 y - the +7 great mace "Firestarter" (weapon) {inner flame, rF++}
   (You found it on level 5 of the Dungeon)

   It burns those it strikes, dealing additional fire damage.
   It fills those it strikes with an explosive inner flame.
   It grants immunity to clouds of flame.
   rF:        It greatly protects you from fire.
Missiles
 s - 6 throwing nets (quivered)
 S - 2 javelins
Armour
 t - a +2 cloak (worn)
 z - a +0 pair of gloves (worn)
 G - the +12 plate armour of Lugonu's Favour (worn) {Str+5}
   (You bought it in a shop on level 2 of the Orcish Mines)

   Str:       It affects your strength (+5).
 W - a +2 pair of boots of rampaging (worn)
Jewellery
 b - a ring of resist corrosion
 g - a +4 ring of protection (left hand)
 h - a +4 ring of protection (right hand)
 l - the ring "Zumiteiff" {rElec rF- Will+ Int+3}
   (You acquired it on level 8 of the Dungeon)

   [ring of willpower]

   Int:       It affects your intelligence (+3).
   rF:        It makes you vulnerable to fire.
   rElec:     It insulates you from electricity.
   Will:      It increases your willpower.
 m - the ring of Eqygh {+Blink Fly AC+4 Dex+5 Slay-3}
   (You found it on level 9 of the Dungeon)

   [ring of protection]

   AC:        It affects your AC (+4).
   Dex:       It affects your dexterity (+5).
   Slay:      It affects your accuracy & damage with ranged weapons and melee
   (-3).
   Fly:       It grants you flight.
   +Blink:    It lets you blink.
 p - an amulet of faith (around neck)
 I - a ring of protection from cold
 T - an amulet of magic regeneration
 U - a ring of protection from cold
Wands
 a - a wand of polymorph (9)
 i - a wand of flame (88)
 k - a wand of iceblast (31)
 C - a wand of paralysis (31)
 K - a wand of charming (14)
 L - a wand of mindburst (14)
 N - a wand of acid (13)
 R - a wand of digging (5)
Scrolls
 c - 3 scrolls of blinking
 e - 10 scrolls of identify
 f - 4 scrolls of amnesia
 n - 2 scrolls of magic mapping
 u - 6 scrolls of immolation
 w - 5 scrolls of enchant armour
 D - 2 scrolls of enchant weapon
 F - 2 scrolls of torment
 J - 4 scrolls of fog
 P - 7 scrolls of teleportation
 Y - 2 scrolls of fear
Potions
 d - 6 potions of might
 j - 3 potions of curing
 o - 3 potions of cancellation
 q - 4 potions of attraction
 r - 3 potions of ambrosia
 v - a potion of berserk rage
 x - 5 potions of brilliance
 A - 2 potions of haste
 B - 6 potions of flight
 E - a potion of heal wounds
 H - a potion of invisibility
 M - 5 potions of lignification
 O - 3 potions of magic
 Q - a potion of resistance


   Skills:
 + Level 16.4 Fighting
 - Level 8.0(15.0) Axes
 - Level 19.5(20.0) Maces & Flails
 + Level 16.3 Armour
 - Level 10.0 Dodging
 - Level 6.7 Shields
 * Level 15.6 Invocations


You had 16 spell levels left.
You didn't know any spells.
Your spell library contained the following spells:

 Spells                   Type           Power      Damage    Failure   Level
 Animate Skeleton         Necr           0%         N/A       93%         1
 Apportation              Tloc           0%         N/A       93%         1
 Corona                   Hex            0%         N/A       93%         1
 Summon Small Mammal      Summ           0%         N/A       93%         1
 Ensorcelled Hibernation  Hex/Ice        0%         N/A       98%         2
 Call Canine Familiar     Summ           0%         N/A       100%        3
 Conjure Flame            Conj/Fire      0%         6-21      100%        3
 Gell's Gravitas          Tloc           0%         N/A       100%        3
 Ignite Poison            Fire/Tmut/Pois 0%         N/A       100%        3
 Lesser Beckoning         Tloc           0%         N/A       100%        3
 Portal Projectile        Hex/Tloc       0%         N/A       100%        3
 Spider Form              Tmut/Pois      0%         N/A       100%        3
 Summon Guardian Golem    Hex/Summ       0%         N/A       100%        3
 Teleport Other           Tloc           0%         N/A       100%        3
 Tukima's Dance           Hex            0%         N/A       100%        3
 Leda's Liquefaction      Hex/Erth       0%         N/A       100%        4
 Passage of Golubria      Tloc           N/A        N/A       100%        4
 Sticky Flame             Conj/Fire      0%         2d3       100%        4
 Silence                  Hex/Air        0%         N/A       100%        5
 Yara's Violent Unravell  Hex/Tmut       0%         3d3       100%        5
 Conjure Ball Lightning   Conj/Air       0%         3x3d6     100%        6
 Dispersal                Tloc           0%         N/A       100%        6
 Shadow Creatures         Summ           N/A        N/A       100%        6
 Discord                  Hex            0%         N/A       100%        8
 Disjunction              Tloc           0%         N/A       100%        8
 Lehudib's Crystal Spear  Conj/Erth      0%         10d2      100%        8


Dungeon Overview and Level Annotations

Branches:
Dungeon (15/15)            Temple (0/1) D:5            Lair (6/6) D:11
  Swamp (4/4) Lair:4       Spider (2/4) Lair:4        Slime (0/5) Lair:5
    Orc (2/2) D:9             Elf (0/3) Orc:2        Vaults (0/5) D:14
 Depths (0/5) D:15          Sewer (visited)

Altars:
Fedhas
Gozag
Kikubaaqudgha
Qazlal
Sif Muna
Vehumet
Xom
The Shining One
Beogh

Shops:
D:15 [   Orc:1 (   Orc:2 *[([

Annotations:
D:11 2 transporters, arson's ghost, journeyman MiMo
Swamp:1 2 transporters, Thraspic's ghost, adept FoFi
Spider:2 Arachne


Innate Abilities, Weirdness & Mutations

You have a pair of horns on your head.
You reflexively headbutt those who attack you in melee.


Message History

Arachne is engulfed in blazing flames.
The wolf spider hits you but does no damage.
The wolf spider bites you but does no damage.
Arachne is engulfed in blazing flames.
Arachne hits you but does no damage. Arachne envenoms you.
You are poisoned.
You take 5 damage, and have 68/159 hp.
The web tears apart.
You feel sick.
The wolf spider is struck by lightning.
The wolf spider hits you.
The wolf spider bites you but does no damage.
Arachne is engulfed in blazing flames.
Arachne hits you but does no damage. Arachne envenoms you!
You are more poisoned.
The wolf spider is engulfed in blazing flames.
The wolf spider hits you but does no damage.
The wolf spider bites you.
You take 20 damage, and have 48/159 hp.
You feel better.
The wolf spider hits you but does no damage.
You block the wolf spider's attack.
The jumping spider leaps!
The entropy weaver points at you and mumbles some strange words.
The entropic weave corrodes you!
Arachne is engulfed in blazing flames.
Arachne hits you with a staff of poison!
* * * LOW HITPOINT WARNING * * *
Your resistance to fire fades away.
You feel protected from physical attacks.
Arachne envenoms you!
* * * LOW HITPOINT WARNING * * *
You are poisoned.
The wolf spider is engulfed in blazing flames.
The wolf spider hits you but does no damage.
The wolf spider closely misses you. x2; You furiously retaliate!
You headbutt the wolf spider!
The wolf spider bites you but does no damage.
The jumping spider is engulfed in blazing flames.
Arachne is engulfed in blazing flames.
Arachne stares at you and mumbles some strange words.
The poison arrow hits you!!!
You are lethally poisoned!
You die...

### ##.# ........^
#..######........
#.......#........
#.....≈......^...
#^§..°°..........
#.§☼§s...........
##.s@§B..........
##H§s†..<.......
#...s○§...........
.......†............
...^................
........^........s..
.......s............
.................^..
.......^...!........


You could see Arachne, an entropy weaver, 2 wolf spiders, 2 jumping spiders and
a tarantella.

Vanquished Creatures
  A thorn hunter (Swamp:2)
  2 fenstrider witches
  2 ghost moths
  Aizul (Swamp:1)
  An emperor scorpion (Spider:2)
  2 entropy weavers
  6 bunyips
  4 eleionomae
  A fire dragon (Lair:6)
  An ettin (Orc:2)
  Harold (D:8)
  A spriggan air mage (Swamp:2)
  8 boulder beetles
  23 hydras
  2 centaur warriors
  An ogre mage (D:15)
  3 catoblepae
  2 dancing weapons (D:14)
  11 death yaks
  2 death knights
  5 alligators
  Urug (Lair:5)
  5 two-headed ogres
  3 tengu warriors
  Nergalle (Orc:1)
  2 spriggan berserkers (Swamp:2)
  3 skeletal warriors
  9 goliath frogs
  8 spriggan druids
  10 bog bodies
  12 swamp dragons
  A wizard (D:15)
  A lindwurm (Lair:6)
  A wolf spider zombie (D:15)
  A phantasmal warrior (D:14)
  A mana viper (shapeshifter) (D:14)
  2 necromancers
  3 orc sorcerers
  6 wolf spiders (Spider:1)
  A deep elf pyromancer (D:13)
  A deep elf zephyrmancer (D:15)
  3 orc knights
  3 orb spiders
  5 cyclopes
  5 manticores
  2 will-o-the-wisps
  2 naga magi (D:15)
  6 black mambas
  11 cane toads
  A torpor snail (Lair:4)
  2 gargoyles
  3 molten gargoyles (Lair:6)
  A centaur skeleton (D:15)
  A freezing wraith (D:13)
  6 demonic crawlers
  An efreet (D:15)
  A tengu conjurer (D:13)
  A kobold demonologist (D:13)
  2 rime drakes
  20 komodo dragons
  6 trolls
  12 tyrant leeches
  A bloated husk (Swamp:2)
  A polar bear (Lair:2)
  14 blink frogs
  5 jumping spiders
  2 slime creatures
  7 dream sheep (Lair:4)
  A raiju (shapeshifter) (D:13)
  8 hornets
  A centaur simulacrum (D:15)
  3 tarantellas
  A vampire (D:10)
  2 wraiths
  A spriggan (shapeshifter) (D:15)
  2 shadows
  5 wyverns
  13 redbacks
  8 spriggans
  52 yaks
  A yak (shapeshifter) (D:15)
  6 basilisks
  Eustachio (D:4)
  A human (shapeshifter) (D:14)
  4 steam dragons
  7 vampire mosquitoes
  Menkaure (D:7)
  A warg (Orc:2)
  14 swamp worms
  An acid dragon (D:11)
  2 hell hounds (Lair:6)
  17 water moccasins
  31 orc warriors
  10 swamp drakes
  2 black bears
  13 ogres
  3 necrophages
  A sky beast (D:6)
  12 wolves
  4 boggarts (D:14)
  3 centaurs
  11 bullfrogs
  Blork the orc (D:5)
  4 kobold brigands
  A water moccasin zombie (D:6)
  23 killer bees
  10 wights
  7 electric eels
  A howler monkey (D:5)
  4 centaur zombies
  5 lava snakes (Lair:6)
  3 hounds
  2 jellies (Lair:5)
  16 orc priests
  3 gnoll shamans
  2 bullfrog skeletons (D:5)
  4 iguanas
  32 orc wizards
  6 hell rats (Lair:6)
  A hound zombie (D:5)
  8 adders
  14 gnolls
  A shadow imp (D:7)
  2 white imps
  An ufetubus (D:6)
  An adder skeleton (D:5)
  A worm (D:3)
  2 dart slugs (D:2)
  132 orcs
  6 ball pythons
  2 endoplasms (D:2)
  8 giant cockroaches
  5 goblins
  5 hobgoblins
  9 jackals
  20 kobolds
  7 quokkas
  4 bats
  9 frilled lizards
  10 rats
  7 bushes
  A butterfly (D:6)
899 creatures vanquished.

Vanquished Creatures (collateral kills)
  the Lernaean hydra (Swamp:4)
  An orc warlord (Orc:2)
  2 hydras (Swamp:4)
  2 swamp dragons (Swamp:4)
  A goliath frog (Swamp:4)
  An orc sorcerer (Orc:2)
  An orc (Orc:2)
9 creatures vanquished.

Vanquished Creatures (others)
  A bloated husk (Swamp:2)
  A tyrant leech (Swamp:2)
  A swamp worm (Swamp:2)
  A hell hound (Lair:6)
  25 bushes
  4 foxfires
  34 fungi
  80 plants
147 creatures vanquished.

Grand Total: 1055 creatures vanquished

Notes
Turn   | Place    | Note
-------+----------+-------------------------------------------
     0 | D:1      | tatocazan the Minotaur Fighter began the quest for the Orb.
     0 | D:1      | Reached XP level 1. HP: 19/19 MP: 0/0
   543 | D:1      | Reached XP level 2. HP: 27/27 MP: 1/1
  1174 | D:2      | Reached XP level 3. HP: 33/33 MP: 2/2
  1828 | D:3      | Reached XP level 4. HP: 40/40 MP: 3/3
  1889 | D:3      | Found a faded altar of an unknown god.
  1898 | D:3      | Reached XP level 5. HP: 47/47 MP: 4/4
  1903 | D:3      | Became a worshipper of Qazlal Stormbringer
  1903 | D:3      | Reached * piety under Qazlal
  2094 | D:3      | Found a glowing drain.
  2108 | Sewer    | Entered a sewer
  2593 | Sewer    | Reached skill level 1 in Invocations
  2601 | Sewer    | Reached skill level 5 in Fighting
  2601 | Sewer    | Reached skill level 5 in Armour
  2601 | Sewer    | Reached skill level 5 in Shields
  2601 | Sewer    | Reached XP level 6. HP: 51/56 MP: 5/5
  3054 | D:4      | Noticed Eustachio
  3063 | D:4      | Killed Eustachio
  3064 | D:4      | Reached skill level 5 in Axes
  3086 | D:4      | Reached ** piety under Qazlal
  3087 | D:4      | Reached XP level 7. HP: 41/61 MP: 7/7
  4306 | D:4      | Found an ancient bone altar of Kikubaaqudgha.
  4495 | D:5      | Entered Level 5 of the Dungeon
  4608 | D:5      | Found a glowing golden altar of the Shining One.
  4608 | D:5      | Found a shimmering blue altar of Sif Muna.
  4608 | D:5      | Noticed Blork the orc
  4609 | D:5      | Found the +7 great mace "Firestarter" {inner flame, rF++}
  4633 | D:5      | Killed Blork the orc
  4869 | D:5      | Reached XP level 8. HP: 68/70 MP: 9/9
  4969 | D:5      | Found a staircase to the Ecumenical Temple.
  5500 | D:6      | Reached *** piety under Qazlal
  5550 | D:6      | Found a shimmering altar of Xom.
  5928 | D:6      | Reached skill level 1 in Maces & Flails
  6101 | D:7      | Reached skill level 1 in Dodging
  6182 | D:7      | Reached skill level 2 in Maces & Flails
  6182 | D:7      | Reached XP level 9. HP: 79/79 MP: 10/10
  6350 | D:7      | Reached skill level 3 in Maces & Flails
  6409 | D:7      | Noticed Menkaure
  6849 | D:8      | Reached **** piety under Qazlal
  6852 | D:8      | Reached skill level 4 in Maces & Flails
  6861 | D:8      | Noticed Harold
  6870 | D:8      | Killed Harold
  6871 | D:8      | Reached skill level 5 in Maces & Flails
  6895 | D:8      | Noticed a gargoyle
  6903 | D:8      | Reached skill level 5 in Invocations
  6925 | D:7      | Killed Menkaure
  6926 | D:7      | Reached skill level 6 in Maces & Flails
  7630 | D:7      | Reached XP level 10. HP: 67/88 MP: 12/12
  8079 | D:8      | Killed a gargoyle
  8180 | D:8      | Identified a scroll of acquirement
  8180 | D:8      | Acquired the ring "Zumiteiff" {rElec rF- Will+ Int+3}
  8326 | D:8      | Reached skill level 7 in Maces & Flails
  8668 | D:9      | Reached ***** piety under Qazlal
  8697 | D:9      | Found a staircase to the Orcish Mines.
  8721 | Orc:1    | Entered Level 1 of the Orcish Mines
  8813 | Orc:2    | Entered Level 2 of the Orcish Mines
  8840 | Orc:2    | Found a staircase to the Elven Halls.
  9000 | Orc:2    | Noticed a cyclops
  9006 | Orc:2    | Killed a cyclops
  9007 | Orc:2    | Reached skill level 8 in Maces & Flails
  9340 | Orc:2    | Reached skill level 5 in Dodging
  9467 | Orc:2    | Noticed an ettin
  9765 | D:9      | Noticed a six-headed hydra
  9773 | D:9      | Killed a six-headed hydra
  9922 | D:9      | Identified the ring of Eqygh {+Blink Fly AC+4 Dex+5 Slay-3}
 10177 | D:9      | Reached skill level 9 in Maces & Flails
 10177 | D:9      | Reached XP level 11. HP: 55/97 MP: 14/14
 11029 | D:10     | Entered Level 10 of the Dungeon
 11100 | D:10     | Reached ****** piety under Qazlal
 11176 | D:10     | Found an opulent altar of Gozag.
 11474 | D:10     | Found a radiant altar of Vehumet.
 11618 | D:10     | Noticed a four-headed hydra
 11883 | D:11     | Found a runed translucent door.
 11883 | D:11     | Noticed a sixfirhy
 11892 | D:11     | Reached skill level 10 in Maces & Flails
 11944 | D:11     | Noticed a two-headed ogre
 11949 | D:11     | Killed a two-headed ogre
 11950 | D:11     | Reached skill level 10 in Fighting
 11955 | D:11     | Reached skill level 10 in Armour
 12480 | D:11     | Noticed a two-headed ogre
 12488 | D:11     | Found a transporter.
 12489 | D:11     | Noticed a deep elf pyromancer
 12544 | D:11     | Noticed arson's ghost (journeyman MiMo)
 12592 | D:11     | Found a transporter.
 12625 | D:11     | Noticed a skeletal warrior
 12689 | D:11     | Found a staircase to the Lair.
 13040 | Lair:1   | Entered Level 1 of the Lair of Beasts
 13105 | Lair:1   | Reached skill level 11 in Maces & Flails
 13539 | Lair:1   | Reached XP level 12. HP: 107/107 MP: 16/16
 14729 | Lair:2   | Noticed a death yak
 14731 | Lair:2   | Noticed a death yak
 14744 | Lair:2   | Noticed a death yak
 14754 | Lair:2   | Noticed a death yak
 14756 | Lair:2   | Killed a death yak
 14756 | Lair:2   | Noticed a death yak
 14758 | Lair:2   | Noticed a death yak
 14760 | Lair:2   | Killed a death yak
 14761 | Lair:2   | Reached skill level 12 in Maces & Flails
 14764 | Lair:2   | Killed a death yak
 15017 | Lair:1   | Killed a death yak
 15019 | Lair:1   | Killed a death yak
 15227 | Lair:2   | Killed a death yak
 16350 | Lair:3   | Noticed a seven-headed hydra
 16355 | Lair:3   | Killed a seven-headed hydra
 16420 | Lair:3   | Noticed a boulder beetle
 16426 | Lair:3   | Killed a boulder beetle
 16427 | Lair:3   | Reached skill level 13 in Maces & Flails
 16434 | Lair:3   | Found an ancient bone altar of Kikubaaqudgha.
 16659 | Lair:3   | Acquired a manual of Maces & Flails
 16979 | Lair:4   | Noticed a death yak
 16980 | Lair:4   | Reached XP level 13. HP: 101/116 MP: 18/18
 16980 | Lair:4   | Found a hole to the Spider Nest.
 17662 | Lair:4   | Reached skill level 14 in Maces & Flails
 18670 | Lair:4   | Found a staircase to the Swamp.
 19570 | Lair:5   | Reached skill level 15 in Maces & Flails
 19708 | Lair:5   | Noticed Urug
 19716 | Lair:5   | Killed Urug
 20327 | Lair:5   | Found a staircase to the Slime Pits.
 20853 | Lair:6   | Entered Level 6 of the Lair of Beasts
 20929 | Lair:6   | Reached skill level 16 in Maces & Flails
 21196 | Lair:6   | Reached XP level 14. HP: 96/125 MP: 20/20
 21258 | Lair:6   | Reached skill level 10 in Dodging
 21688 | Lair:6   | Reached skill level 10 in Invocations
 21960 | Lair:6   | Reached skill level 17 in Maces & Flails
 22196 | Lair:6   | Found a large runed translucent door.
 22280 | Lair:6   | Found a large runed translucent door.
 23322 | Orc:2    | Found Uzuf's Assorted Antiques.
 23746 | Orc:2    | Found Atsia's Armour Shop.
 23756 | Orc:2    | Bought the +12 plate armour of Lugonu's Favour {Str+5} for
                  | 1404 gold pieces
 24133 | Orc:2    | Noticed an orc warlord
 24135 | Orc:2    | Found Fapifa's Antique Weapon Shop.
 24147 | Orc:2    | Killed an orc warlord
 24148 | Orc:2    | Reached skill level 18 in Maces & Flails
 24606 | Orc:2    | Found Kakejica's Antique Armour Boutique.
 24845 | Orc:1    | Noticed Nergalle
 24850 | Orc:1    | Killed Nergalle
 25051 | Orc:1    | Found Torihuabosk's Antique Weapon Shoppe.
 27070 | D:14     | Reached XP level 15. HP: 108/136 MP: 22/22
 27194 | D:14     | Found a gate to the Vaults.
 27275 | D:14     | Reached skill level 19 in Maces & Flails
 28069 | D:14     | Found a shimmering altar of Xom.
 28073 | D:14     | Found a shimmering altar of Xom.
 28194 | D:15     | Entered Level 15 of the Dungeon
 28545 | D:15     | Found Qupin's Specialty Armours.
 28594 | D:15     | Found a blossoming altar of Fedhas.
 28777 | D:15     | Found a staircase to the Depths.
 29265 | Swamp:1  | Entered Level 1 of the Swamp
 29808 | Swamp:1  | Noticed Aizul
 29825 | Swamp:1  | Killed Aizul
 30117 | Swamp:1  | Found a transporter.
 30139 | Swamp:1  | Found a transporter.
 30162 | Swamp:1  | Noticed Thraspic's ghost (adept FoFi)
 30636 | Swamp:2  | Noticed a thorn hunter
 30645 | Swamp:2  | Killed a thorn hunter
 30659 | Swamp:2  | Reached XP level 16. HP: 50/147 MP: 19/24
 31929 | Swamp:2  | Reached skill level 15 in Fighting
 31956 | Swamp:2  | Reached skill level 15 in Armour
 33658 | Swamp:4  | Entered Level 4 of the Swamp
 34623 | Swamp:4  | Noticed the 27-headed Lernaean hydra
 34634 | Swamp:4  | Killed the 27-headed Lernaean hydra
 35086 | Swamp:4  | Got a decaying rune of Zot
 35106 | Swamp:4  | Reached skill level 15 in Invocations
 35163 | Swamp:4  | Reached XP level 17. HP: 150/158 MP: 27/27
 35345 | Swamp:4  | Upgraded the game from 0.28-a0-95-g65e1ffefe4 to
                  | 0.28-a0-97-g102d6777a4
 35479 | Spider:1 | Entered Level 1 of the Spider Nest
 36734 | Spider:2 | Noticed Arachne
 36756 | Spider:2 | Killed from afar by Arachne

Illustrated notes

Levels and vault maps discovered:
D:1:      onia_arrival_pyramid, layout_loops_ring, minmay_misc_feat_nine_boxes,
          minmay_misc_feat_four_crosses
D:2:      layout_loops_corners, kennysheep_nub, minmay_rat_gold_closets
D:3:      layout_rooms, hellmonk_ecumenical_altar_run_dry,
          cheibrodos_sewer_entry_bend
D:4:      layout_cave_pools, nicolae_kikubaaqudgha_miasma_corner, uniq_eustachio
D:5:      layout_basic, mainiacjoe_overflow_large_starburst,
          minmay_temple_entry_from_below_a, uniq_blork_the_orc
D:6:      layout_loops_cross, xom_butterflies, minmay_statues_item
D:7:      layout_rooms, uniq_menkaure
D:8:      layout_rooms, uniq_harold
D:9:      layout_roguey [special_room_orc], hiddenorc2_lemuel, nrook_mini_vaults
D:10:     layout_roguey, nicolae_gozag_cash_rules_everything_around_me,
          fiery_altar_vehumet, grunt_tough_drop
D:11:     cheibrodos_shockbox, layout_loops_cross, minmay_lair_entry_grove,
          nzn_ghost_randoct
D:12:     layout_basic, trog_hazing_becter
D:13:     layout_stronghold, drop_trap
D:14:     layout_long_grid, erik_vaults_1, xom_redecorated
D:15:     grunt_enter_depths_magical_seal, layout_long_grid, fedhas_altar_2,
          nicolae_barding_shop
Lair:1:   layout_roguey, nicolae_quartered_pool_medium,
          chequers_serial_rivers_micro_a, chequers_serial_rivers_room_b,
          infiniplex_staircase_pool
Lair:2:   layout_loops_ring
Lair:3:   layout_long_grid, basic_altar, patterned_corridor
Lair:4:   layout_regular_city, nicolae_swamp_entry_splash_gauntlet,
          spider_nest_entry_web_field
Lair:5:   layout_regular_city, minmay_slime_entry_pillars, serial_bayou,
          serial_bayou_ford_a, serial_bayou_pond_c, serial_bayou_shore_b,
          serial_bayou_crossing, fungi_pond_lemuel, uniq_urug
Lair:6:   cheibrodos_lair_end_hotspot, layout_gridlike, serial_forest,
          infiniplex_forest_end_1, infiniplex_forest_clump_small,
          infiniplex_forest_end_3, infiniplex_forest_straight_1,
          infiniplex_forest_end_double, infiniplex_forest_clump_large,
          infiniplex_forest_corner_1, infiniplex_forest_end_1
Swamp:1:  layout_basic_swamp, gammafunk_ghost_berserking_beasts,
          evilmike_swamp_ruin_rubble_1, swamp_pool1, uniq_aizul
Swamp:2:  layout_falls_marsh, nicolae_swamp_fairy_circle, swamp_pool1,
          hangedman_swamp_wriggling
Swamp:3:  nicolae_swamp_standing_stones, layout_falls_marsh,
          nicolae_swamp_round_clearing
Swamp:4:  swamp_basic_johnstein, layout_basic_swamp, swamp_pool2
Spider:1: layout_spider_delve
Spider:2: layout_spider_delve, drop_trap, uniq_arachne
Orc:1:    layout_diamond_mine, serial_shops, nicolae_shop_window_shopping,
          basic_altar, uniq_nergalle
Orc:2:    grunt_orc_community_town_hall, layout_diamond_mine,
          grunt_orc_community_big_house_1, grunt_orc_community_big_house_1,
          grunt_orc_community_house_1, grunt_orc_community_house_3,
          grunt_orc_community_house_1, grunt_orc_community_house_2,
          nicolae_orc_lava_tube

Skill      XL: |  1  2  3  4  5  6  7  8  9 10 11 12 13 14 15 16 |
---------------+-------------------------------------------------+-----
Armour         | 4 5 6 7 8 9 10 11 12 13 14 16 | 16.3
Fighting       | 4 5 6 7 8 9 10 11 12 13 14 16 | 16.4
Shields        | 4 5 6 |  6.7
Axes           | 3 4 5 6 8 |  8.0
Invocations    | 1 2 3 5 6 7 8 9 11 13 15 | 15.6
Maces & Flails | 2 6 9 11 13 16 18 19 | 19.5
Dodging        | 1 3 5 7 8 9 10 | 10.0

Action                   |  1- 3 |  4- 6 |  7- 9 | 10-12 | 13-15 | 16-18 || total
-------------------------+-------+-------+-------+-------+-------+-------++-------
Melee: War axe           |    92 |   100 |    96 |       |       |       ||   288
       Headbutt          |    14 |    18 |    29 |    70 |   126 |    59 ||   316
       Great mace        |       |       |   113 |   368 |   678 |   316 ||  1475
Throw: Throwing net      |       |       |       |     1 |       |       ||     1
Invok: Upheaval          |       |       |       |     1 |       |       ||     1
       Elemental Force   |       |       |       |       |     4 |     4 ||     8
       Disaster Area     |       |       |       |       |       |     3 ||     3
Evoke: Wand              |       |       |     3 |       |     2 |     5 ||    10
  Use: Potion            |       |       |     6 |     1 |     7 |     4 ||    18
       Scroll            |       |       |     4 |     9 |    11 |       ||    24
 Stab: Distracted        |       |       |       |     1 |       |       ||     1
       Petrified         |       |       |       |       |     2 |       ||     2
Armor: Scale mail        |    46 |    69 |   130 |       |       |       ||   245
       Chain mail        |       |       |    39 |    87 |       |       ||   126
       Plate armour      |       |       |       |   117 |   369 |   380 ||   866
Dodge: Dodged            |    25 |    23 |   121 |   148 |   210 |   159 ||   686
       Repelled          |       |       |       |     1 |    10 |     2 ||    13
Block: Kite shield       |    44 |    69 |    77 |       |       |       ||   190
       Other             |       |       |    27 |   117 |   205 |   126 ||   475

Table legend: (Time is in decaauts)
 A = Elapsed time spent in this place.
 B = Non-inter-level travel time spent in this place.
 C = Inter-level travel time spent in this place.
 D = Time resting spent in this place.
 E = Time spent auto-exploring this place.
 F = Levels seen in this place.
 G = Mean time per level.
                   A        B        C        D        E       F      G
               +--------+--------+--------+--------+--------+-----+--------+
         Total |  37198 |  35698 |   1500 |  10369 |  21109 |  30 | 1239.9 |
       Dungeon |  15495 |  14740 |    755 |   3045 |   9784 |  15 | 1033.0 |
          Lair |  10488 |  10045 |    443 |   3080 |   6059 |   6 | 1748.0 |
         Swamp |   5972 |   5853 |    119 |   2716 |   2583 |   4 | 1493.0 |
   Spider Nest |   1254 |   1242 |     12 |    295 |    831 |   2 |  627.0 |
  Orcish Mines |   3118 |   2949 |    169 |    953 |   1434 |   2 | 1559.0 |
         Sewer |    868 |    868 |      0 |    280 |    416 |   1 |  868.0 |
               +--------+--------+--------+--------+--------+-----+--------+

Top non-repeatable levels by time:
  Lair:4: 2403 daAuts
 Swamp:3: 2182 daAuts
   Orc:2: 2156 daAuts
  Lair:6: 2020 daAuts
  Lair:1: 1932 daAuts
  Lair:3: 1641 daAuts
 Swamp:1: 1629 daAuts
     D:7: 1518 daAuts
     D:4: 1513 daAuts
    D:13: 1466 daAuts
     D:9: 1361 daAuts
    D:11: 1356 daAuts
  Lair:5: 1327 daAuts
 Swamp:2: 1305 daAuts
Spider:1: 1229 daAuts
